 Dungeon Crawl Stone Soup version 0.18.1-2-ga659475 (webtiles) character file.

176 lightmor the Chopper (level 5, -1/67 HPs)
             Began as a Minotaur Berserker on May 8, 2016.
             Was a Priest of Trog.
             Slain by Crazy Yiuf
             ... wielding a +3 quarterstaff of chaos
              (4 damage)
             ... on level 3 of the Dungeon.
             The game lasted 00:04:20 (2361 turns).

lightmor the Chopper (Minotaur Berserker)           Turns: 2361, Time: 00:04:21

Health: -1/67      AC:  4    Str: 27    XL:     5   Next: 30%
Magic:  4/4        EV: 12    Int:  5    God:    Trog [***...]
Gold:   160        SH:  0    Dex:  9    Spells: 0 memorised, 4 levels left

rFire  . . .     SeeInvis .     a - +0 hand axe
rCold  . . .     Gourm    .     b - +1 animal skin
rNeg   . . .     Faith    .     (no shield)
rPois  .         Spirit   .     (helmet restricted)
rElec  .         Dismiss  .     (no cloak)
rCorr  .         Reflect  .     (no gloves)
SustAt .         Harm     .     (no boots)
MR     .....                    (no amulet)
Stlth  ..........               (no ring)
                                g - +1 ring of protection

@: berserking (expiring), very quick, not resistant to hostile enchantments,
extremely unstealthy
A: retaliatory headbutt, horns 2
a: Berserk, Trog's Hand, Burn Spellbooks, Renounce Religion


You were on level 3 of the Dungeon.
You worshipped Trog.
Trog was most pleased with you.
You were not hungry.

You visited 1 branch of the dungeon, and saw 3 of its levels.

You collected 160 gold pieces.

Inventory:

Hand Weapons
 a - a +0 hand axe (weapon)
Missiles
 s - 4 poisoned javelins (quivered)
Armour
 b - a +1 animal skin (worn)
Jewellery
 g - a +1 ring of protection (left hand)
 p - an uncursed amulet of faith {unknown}
Scrolls
 e - 2 scrolls of amnesia {unknown}
 k - 2 scrolls of fear
 l - a scroll of blinking
 m - a scroll of remove curse {unknown}
 o - 3 scrolls of teleportation {unknown}
 q - a scroll of identify
 r - 2 scrolls of recharging {unknown}
Potions
 d - a potion of invisibility {unknown}
 i - a potion of flight
 j - 2 potions of curing
 n - a potion of resistance {unknown}
Comestibles
 c - 5 bread rations
 f - 2 slices of pizza
 h - 5 chunks of flesh


   Skills:
 - Level 3.6 Fighting
 + Level 7.3 Axes
 - Level 2.4 Armour
 - Level 2.1 Dodging


You had 4 spell levels left.
You didn't know any spells.

Dungeon Overview and Level Annotations

Branches:
Dungeon (3/15)

Altars:
Ru
Trog
Yredelemnul
Zin

Annotations:
D:3 Crazy Yiuf


Innate Abilities, Weirdness & Mutations

You reflexively headbutt those who attack you in melee.
You have a pair of horns on your head.


Message History

You barely miss Crazy Yiuf. Your headbutt misses Crazy Yiuf.
Crazy Yiuf hits you with a quarterstaff of chaos!
You barely miss Crazy Yiuf. You barely miss Crazy Yiuf.
You headbutt Crazy Yiuf.
Crazy Yiuf is lightly wounded.
Crazy Yiuf hits you but does no damage.
You are electrocuted!
* * * LOW HITPOINT WARNING * * *
You barely miss Crazy Yiuf. Your headbutt misses Crazy Yiuf.
Crazy Yiuf is lightly wounded.
You closely miss Crazy Yiuf.
Crazy Yiuf is lightly wounded.
Crazy Yiuf screams, "Announcement!
Liver tea canine."
Crazy Yiuf closely misses you. You furiously retaliate!
You headbutt Crazy Yiuf! You slash Crazy Yiuf!
Crazy Yiuf is almost dead.
Crazy Yiuf hits you with a quarterstaff of chaos!
* * * LOW HITPOINT WARNING * * *
Crazy Yiuf freezes you.
You die...

#.# #....# #(...###....
#.# ##..## #.####.#####
#.# ♣....♣ #.# #..##
####### #.# ♣...♣♣ #.#
#...#### ......# #.#
♣♣.♣♣ #.# ####...#
#####.# #.# ♣)♣♣ #.#
##.... #.# #.# ♣♣.♣ #.#
#..... #####<###.# ♣)♣♣
#.# #..... ....#.....#
♣♣@♣ #.# ##..##
###.#.....## #g# #.#
##÷#. #.#......# ).. #.#
#... #.#.....## #.))#
#.# #### #.#.....# #..)#
#.# ###.###.### #####
#.# #### #...###.## #.#
#... .....#..÷#### #.#
#.##
.......#..#.##########>#
#####.#


You could see Crazy Yiuf.

Vanquished Creatures
  Ijyb (D:3)
  An iguana (D:3)
  An adder (D:3)
  2 dart slugs (D:2)
  A giant gecko (D:1)
  6 orcs (D:3)
  11 bats
  6 giant cockroaches
  15 goblins
  7 hobgoblins
  9 jackals
  2 quokkas
  3 ball pythons
  7 giant newts
  2 gnoll zombies (D:3)
  4 kobolds
  23 rats
101 creatures vanquished.

Notes
Turn   | Place    | Note
--------------------------------------------------------------
     0 | D:1      | lightmor the Minotaur Berserker began the quest for the Orb.
     0 | D:1      | Reached XP level 1. HP: 19/19 MP: 0/0
    39 | D:1      | Reached skill level 4 in Axes
    48 | D:1      | Reached XP level 2. HP: 17/26 MP: 1/1
   284 | D:1      | Reached ** piety under Trog
   354 | D:1      | Reached skill level 5 in Axes
   482 | D:1      | Reached XP level 3. HP: 31/31 MP: 2/2
   879 | D:2      | Found a bloodstained altar of Trog.
   925 | D:2      | Found a glowing silver altar of Zin.
  1602 | D:3      | Reached skill level 6 in Axes
  1602 | D:3      | Reached XP level 4. HP: 33/39 MP: 3/3
  1671 | D:3      | Reached *** piety under Trog
  1858 | D:3      | Noticed Ijyb
  1866 | D:3      | Killed Ijyb
  1955 | D:3      | Found a basalt altar of Yredelemnul.
  2007 | D:3      | Found a sacrificial altar of Ru.
  2050 | D:3      | Received a gift from Trog
  2053 | D:3      | Reached XP level 5. HP: 45/45 MP: 4/4
  2064 | D:3      | Reached skill level 7 in Axes
  2352 | D:3      | Noticed Crazy Yiuf
  2361 | D:3      | HP: 3/67 [Crazy Yiuf/quarterstaff of chaos (13)]
  2361 | D:3      | Slain by Crazy Yiuf

Skill      XL: |  1  2  3  4  5 |
---------------+----------------+-----
Axes           | 4 5 6 7 |  7.3
Fighting       | |  3.6
Armour         | |  2.4
Dodging        | |  2.1

Action                   |  1- 3 |  4- 6 || total
-------------------------+-------+-------++-------
Melee: Hand axe          |   119 |    97 ||   216
       Headbutt          |    15 |    16 ||    31
Invok: Berserk           |     1 |     1 ||     2
  Use: Scroll            |     5 |       ||     5
 Stab: Sleeping          |     2 |       ||     2
  Eat: Chunk             |     3 |     3 ||     6
Armor: Animal skin       |    24 |    22 ||    46
Dodge: Dodged            |    77 |    48 ||   125
